 Dungeon Crawl Stone Soup version 0.22-a0-469-gf26638a (webtiles) character file.

10486 DrEnzyme the Martial Artist (level 11, -3/74 HPs)
             Began as an Octopode Wanderer on June 11, 2018.
             Was an Initiate of Gozag.
             Slain by a troll (12 damage)
             ... on level 11 of the Dungeon.
             The game lasted 01:05:47 (19225 turns).

DrEnzyme the Martial Artist (Octopode Wanderer)    Turns: 19225, Time: 01:05:48

Health: -3/74      AC:  1    Str: 17    XL:     11   Next: 62%
Magic:  15/16      EV: 18    Int: 16    God:    Gozag
Gold:   806        SH:  5    Dex: 13    Spells: 12/17 levels left

rFire    . . .     SeeInvis +     - Unarmed
rCold    . . .     Gourm    .   s - +1 buckler
rNeg     + . .     Faith    .   (helmet restricted)
rPois    +         Spirit   .   H - amulet of the acrobat
rElec    .         Reflect  .   D - ring "Oggamag" {rPois rN+}
rCorr    .         Harm     .   M - +5 ring of strength
MR       .....                  d - ring of see invisible
Stlth    +++.......             (no ring)
HPRegen  0.22/turn              (no ring)
MPRegen  0.15/turn              (no ring)
                                (no ring)
                                (no ring)

@: confusing touch
A: almost no armour, stealthy swim, amphibious, 8 rings, constrict 8, camouflage
1, gelatinous body 1
a: Potion Petition, Call Merchant, Bribe Branch, Renounce Religion


You were on level 11 of the Dungeon.
You worshipped Gozag.
Gozag was pleased with you.
You were hungry.

You visited 2 branches of the dungeon, and saw 13 of its levels.

You collected 2126 gold pieces.
You paid 1320 gold pieces to Gozag.

Inventory:

Hand Weapons
 a - a +0 hunting sling
 c - a +0 hand axe
 j - a +2 mace
Missiles
 k - 23 sling bullets
Armour
 s - a +1 buckler (worn)
Jewellery
 d - a ring of see invisible (on tentacle)
 x - an uncursed amulet of the gourmand
 A - an uncursed amulet of harm
 D - the ring "Oggamag" (left tentacle) {rPois rN+}
   (You found it on level 6 of the Dungeon)

   [ring of positive energy]

   It protects you from poison.
   It protects you from negative energy.
 H - an amulet of the acrobat (around mantle)
 M - a +5 ring of strength (right tentacle)
 R - a +2 ring of evasion {unknown}
 S - a +1 ring of protection {unknown}
Wands
 r - a wand of enslavement (11)
 v - a wand of random effects (31)
 y - a wand of iceblast (9)
 E - a wand of digging (13)
 G - a wand of acid (15)
 K - a wand of polymorph (8)
Scrolls
 e - 3 scrolls of teleportation
 f - 3 scrolls of blinking
 g - 5 scrolls of magic mapping
 i - 9 scrolls of identify
 l - a scroll of immolation {unknown}
 m - 2 scrolls of fog
 n - a scroll of enchant weapon {unknown}
 o - a scroll of noise {unknown}
 p - a scroll of amnesia {unknown}
 t - 2 scrolls of enchant armour
 u - 4 scrolls of remove curse
 w - a scroll of fear
 J - a scroll of summoning {unknown}
 N - a scroll of vulnerability {unknown}
 O - a scroll of torment {unknown}
 P - a scroll of acquirement {unknown}
Potions
 b - 4 potions of curing
 h - a potion of agility
 q - 3 potions of berserk rage
 z - a potion of resistance
 B - a potion of mutation {unknown}
 C - a potion of heal wounds {unknown}
 F - 2 potions of haste
 I - a potion of flight {unknown}
 L - a potion of magic {unknown}
Comestibles
 Q - 3 rations


   Skills:
 + Level 6.7 Fighting
 - Level 2.0(3.2) Axes
 - Level 4.0(4.2) Maces & Flails
 - Level 5.9 Slings
 - Level 8.9 Dodging
 - Level 1.3 Stealth
 + Level 3.1 Shields
 + Level 9.6 Unarmed Combat
 + Level 3.8 Spellcasting
 - Level 2.7 Hexes
 - Level 6.4 Evocations


You had 12 spell levels left.
You knew the following spells:

 Your Spells              Type           Power        Failure   Level  Hunger
a - Confusing Touch       Hex            ##....       6%          1    None
b - Apportation           Tloc           #.....       19%         1    None
c - Ensorcelled Hibernat  Hex/Ice        #.....       17%         2    ##.....
d - Corona                Hex            ##.....      6%          1    None

Your spell library contained the following spells:

 Spells                   Type           Power        Failure   Level  Hunger
 Magic Dart               Conj           #...         19%         1    None
 Confuse                  Hex            ##......     19%         3    ###....
 Summon Small Mammal      Summ           #...         19%         1    None
 Iskenderun's Mystic Bla  Conj           #.......     88%         4    ####...
 Animate Skeleton         Necr           N/A          19%         1    None
 Tukima's Dance           Hex            ##......     19%         3    ###....
 Fulminant Prism          Conj/Hex       #.........   73%         4    ####...
 Dazzling Spray           Conj/Hex       #.....       32%         3    ###....
 Force Lance              Conj/Tloc      #.......     88%         4    ####...
 Searing Ray              Conj           #.....       28%         2    ##.....


Dungeon Overview and Level Annotations

Branches:
Dungeon (11/15)            Temple (0/1) D:4            Lair (2/6) D:8
  Swamp: Lair:2-4    Shoals: Lair:2-4     Snake: Lair:2-4    Spider: Lair:2-4
    Orc: D:9-12

Altars:
Dithmenos
Fedhas
Gozag
Hepliaklqana
Makhleb
Qazlal
Ru
Trog
Uskayaw
Vehumet
Wu Jian
Xom

Shops:
D:5 [   D:6 [

Annotations:
D:3 1 exclusion
D:5 exclusion: ogre, Eustachio
D:6 exclusion: downstairs
D:7 exclusion: downstairs, Capnfrog's ghost, novice HOFi
D:8 exclusion: downstairs
Lair:1 exclusions: downstairs, komodo dragon and rime drake


Innate Abilities, Weirdness & Mutations

You cannot wear most types of armour.
You are very stealthy in the water. (Stealth+)
You are amphibious.
You can wear up to eight rings at the same time.
You can use your tentacles to constrict eight enemies at once.
Your skin changes colour to match your surroundings (Stealth+).
Your rubbery body absorbs attacks. (AC +1, EV +1)


Message History

You barely miss the troll. Your squeeze misses the troll.
The troll is severely wounded.
You closely miss the troll.
Your tentacle-slap misses the troll.
The troll is severely wounded.
The troll bites you!
* * * LOW HITPOINT WARNING * * *
The troll closely misses you. You block the troll's attack.
Casting: Confusing Touch (safe; 6% risk of failure)
Confirm with . or Enter, or press ? or * to list all spells.
Your tentacles begin to glow red.
The troll completely misses you. The troll claws you.
* * * LOW HITPOINT WARNING * * *
The troll claws you!
* * * LOW HITPOINT WARNING * * *
You tentacle-slap the troll but do no damage.
You squeeze the troll, but do no damage.
The troll is heavily wounded.
You block the troll's attack. The troll claws you!
You die...
Your body crumbles into a pile of gold.

### #...#####.# .
#>.##...##.<#.#########.
#...#...#...#...........
#..#...#'.##.......)..#
#####....(###...........#
#..........(............#
#....).)...(..(.........#
#.....)..$.$.............
#.###)..@T###............
###('#)..#'.##.........%#
#.(.#...#...#..........#
#<.##...##.<#..........#
#####...#####..........#
##### #...........#
#...........#
#...$........
...........#


You could see a troll.

Vanquished Creatures
  Erica (D:10)
  A two-headed ogre (D:8)
  Pikel (D:8)
  2 spiny frogs
  Grinder (D:5)
  3 hippogriffs
  2 wyverns
  12 yaks
  A hungry ghost (D:10)
  Grum (D:8)
  A basilisk (Lair:1)
  Menkaure (D:5)
  3 water moccasins
  2 hell hounds (D:8)
  A naga (Lair:2)
  3 porcupines (Lair:1)
  3 orc warriors
  An ice beast (D:10)
  4 wolves
  3 phantoms
  4 slaves (D:9)
  3 sky beasts
  2 ogres
  2 centaurs
  2 crocodiles
  3 big kobolds
  5 bullfrogs
  A scorpion (D:7)
  7 killer bees (D:7)
  5 wights
  2 howler monkeys
  2 crimson imps
  A quasit (D:10)
  3 bullfrog zombies
  2 orc priests
  6 hounds
  2 bullfrog skeletons
  4 centaur skeletons
  3 iguanas
  4 orc wizards
  8 worker ants
  A hound zombie (D:7)
  2 hound skeletons
  A worker ant zombie (D:8)
  7 adders
  2 shadow imps
  An ooze (D:1)
  An adder skeleton (D:7)
  3 worms
  A dart slug (D:1)
  7 leopard geckos
  23 orcs
  2 ball pythons
  A giant cockroach (D:1)
  4 goblins
  6 hobgoblins
  11 jackals
  3 quokkas
  12 bats
  2 frilled lizards
  23 kobolds
  9 rats
240 creatures vanquished.

Vanquished Creatures (others)
  A fungus (Lair:2)
1 creature vanquished.

Grand Total: 241 creatures vanquished

Notes
Turn   | Place    | Note
-------+----------+-------------------------------------------
     0 | D:1      | DrEnzyme the Octopode Wanderer began the quest for the Orb.
     0 | D:1      | DrEnzyme set off with: a +2 mace, a potion of curing, a +0 hand axe, a ration
     0 | D:1      | Reached XP level 1. HP: 14/14 MP: 1/1
   121 | D:1      | Reached skill level 1 in Dodging
   121 | D:1      | Reached XP level 2. HP: 18/20 MP: 2/2
   622 | D:1      | Reached XP level 3. HP: 25/25 MP: 3/3
  1386 | D:2      | Found a sacrificial altar of Ru.
  1387 | D:2      | Found a burning altar of Makhleb.
  1388 | D:2      | Found a blossoming altar of Fedhas.
  1460 | D:2      | Found a radiant altar of Vehumet.
  1545 | D:2      | Reached XP level 4. HP: 11/31 MP: 4/4
  1887 | D:2      | Reached skill level 1 in Unarmed Combat
  1896 | D:2      | Found an opulent altar of Gozag.
  2026 | D:2      | Became a worshipper of Gozag Ym Sagoz the Greedy
  2129 | D:2      | Reached skill level 1 in Slings
  2311 | D:2      | Reached XP level 5. HP: 26/36 MP: 5/5
  2543 | D:2      | Found an ornate altar of the Wu Jian Council.
  3821 | D:4      | Reached skill level 2 in Unarmed Combat
  3821 | D:4      | Reached XP level 6. HP: 43/43 MP: 6/6
  4503 | D:4      | Found a staircase to the Ecumenical Temple.
  4837 | D:5      | Entered Level 5 of the Dungeon
  5111 | D:5      | Found Xohaff's Antique Armour Boutique.
  5149 | D:5      | Noticed Eustachio
  5377 | D:5      | Reached XP level 7. HP: 41/49 MP: 7/7
  5533 | D:5      | Found a stormy altar of Qazlal.
  5598 | D:5      | Found a hazy altar of Hepliaklqana.
  5685 | D:5      | Noticed Menkaure
  5693 | D:5      | Killed Menkaure
  5693 | D:5      | Reached skill level 3 in Unarmed Combat
  5914 | D:5      | Noticed Grinder
  5919 | D:5      | Killed Grinder
  5919 | D:5      | Reached skill level 5 in Fighting
  5919 | D:5      | Reached XP level 8. HP: 48/55 MP: 8/8
  5987 | D:6      | Got a scintillating bronze ring
  5992 | D:6      | Identified the ring "Oggamag" {rPois rN+} (You found it on level 6 of the Dungeon)
  6102 | D:6      | Found Lemaro Ramu's Antique Armour Shoppe.
  6161 | D:6      | Found a shimmering altar of Xom.
  6279 | D:6      | Reached skill level 4 in Unarmed Combat
  6881 | D:7      | Noticed Capnfrog's ghost (novice HOFi)
  6929 | D:7      | Reached skill level 5 in Dodging
  7090 | D:7      | Found a blossoming altar of Fedhas.
  7203 | D:7      | Reached skill level 5 in Slings
  7203 | D:7      | Reached skill level 5 in Unarmed Combat
  7707 | D:8      | Noticed a hippogriff
  7950 | D:8      | Reached XP level 9. HP: 26/61 MP: 9/9
  8357 | D:8      | Noticed a two-headed ogre
  8510 | D:8      | Noticed a two-headed ogre
  9290 | D:8      | Found a staircase to the Lair.
  9785 | D:9      | Noticed Grum
  9914 | D:9      | Reached skill level 6 in Unarmed Combat
  9920 | D:9      | Reached skill level 1 in Evocations
 10037 | D:9      | Found a bloodstained altar of Trog.
 10612 | D:9      | Found a shadowy altar of Dithmenos.
 10740 | D:9      | Found a hide-covered altar of Uskayaw.
 10740 | D:9      | Noticed Pikel
 11177 | D:10     | Entered Level 10 of the Dungeon
 11888 | D:10     | Noticed a two-headed ogre
 12475 | D:10     | Reached skill level 7 in Unarmed Combat
 12697 | D:10     | Reached XP level 10. HP: 45/66 MP: 11/13
 12963 | D:10     | Reached skill level 5 in Evocations
 13579 | D:10     | Reached skill level 8 in Unarmed Combat
 13840 | D:10     | Noticed Erica
 13847 | D:10     | Killed Erica
 14115 | D:10     | Noticed a two-headed ogre
 14432 | D:10     | Learned a level 1 spell: Confusing Touch
 14434 | D:10     | Learned a level 1 spell: Apportation
 14437 | D:10     | Learned a level 2 spell: Ensorcelled Hibernation
 14439 | D:10     | Learned a level 1 spell: Corona
 14794 | D:8      | Killed a two-headed ogre
 14794 | D:8      | Reached skill level 1 in Spellcasting
 14794 | D:8      | Reached skill level 1 in Hexes
 14932 | D:8      | Reached XP level 11. HP: 61/72 MP: 15/15
 15569 | Lair:1   | Entered Level 1 of the Lair of Beasts
 15684 | Lair:1   | Reached skill level 9 in Unarmed Combat
 17064 | Lair:2   | Noticed a catoblepas
 17967 | D:8      | Killed Pikel
 18491 | D:8      | Killed Grum
 19225 | D:11     | Slain by a troll

Vault maps used:
D:1:      tarquinn_simple_flora_water_b, hex_tiny
D:2:      nicolae_overflow_crystal_walls, grunt_gozag_breadcrumbs,
          lemuel_coloured_pillars_altar, gammafunk_temple_overflow_forgotten,
          columned_hall_lemuel
D:3:      first_ration, grunt_ministairs_8, uniq_robin
D:4:      minmay_temple_entry_from_below_a
D:5:      marbit_many_paths, overflow_temple_1_default, serial_shops,
          nicolae_shop_temple_entry_statues_fountains, corexii_shack,
          uniq_eustachio, uniq_grinder, uniq_menkaure
D:6:      kennysheep_mini_moat, serial_shops, shop_fountains
D:7:      basic_altar, minmay_misc_feat_secret_circle, wad_floor_pattern_1,
          the_bakery
D:8:      minmay_lair_entry_lava, serial_co_window_serial, co_window_paths_b,
          co_window_cross_1, co_window_paths_b, co_window_paths_a,
          co_window_cross_1, co_window_corner_cb, co_window_of_opportunity_c,
          co_window_2corner, co_window_broadway_a, co_window_paths_d,
          glass_columns_a, glass_columns_b, glass_columns_b, st_stairs_14
D:9:      cheibrodos_iron_armory, grunt_dithmenos_shadows, old_standard_altar,
          kennysheep_mini, uniq_grum, uniq_pikel
D:10:     grunt_tough_drop, uniq_erica
D:11:     kennysheep_orc_monster_closet_entryway, grunt_ministairs_6,
          minmay_librarian
Lair:1:   lemuel_fruit_tree
Lair:2:   minmay_snake_entry_guardpost_small, minmay_lair_oklob_chamber

Skill      XL: |  1  2  3  4  5  6  7  8  9 10 11 |
---------------+----------------------------------+-----
Dodging        | 1 2 3 4 6 7 8 |  8.9
Fighting       | 3 4 5 6 |  6.7
Unarmed Combat | 1 2 3 5 7 8 9 |  9.6
Slings         | 1 2 3 5 |  5.9
Evocations     | 4 6 |  6.4
Spellcasting   | 1 3 |  3.8
Hexes          | 1 2 |  2.7
Shields        | 3 |  3.1
Axes           | |  2.0
Maces & Flails | |  4.0
Stealth        | |  1.3

Action                   |  1- 3 |  4- 6 |  7- 9 | 10-12 || total
-------------------------+-------+-------+-------+-------++-------
Melee: Mace              |    61 |       |       |       ||    61
       Constrict         |    11 |    41 |    52 |    48 ||   152
       Tentacles         |     7 |    27 |    68 |    94 ||   196
       Unarmed           |    14 |   188 |   327 |   402 ||   931
       Punch             |       |     1 |    15 |    29 ||    45
 Fire: Hunting sling     |     6 |    11 |    11 |    10 ||    38
 Cast: Confusing Touch   |       |       |       |    26 ||    26
       Ensorcelled Hiber |       |       |       |     2 ||     2
Invok: Potion Petition   |       |       |     3 |     3 ||     6
  Use: Potion            |     1 |     1 |     5 |     5 ||    12
       Scroll            |     1 |     9 |     8 |       ||    18
 Stab: Sleeping          |     7 |     9 |     6 |     6 ||    28
       Distracted        |       |     1 |       |     2 ||     3
       Confused          |       |       |       |    10 ||    10
  Eat: Chunk             |     2 |     1 |       |       ||     3
       Ration            |       |     3 |     9 |     6 ||    18
Armor: Skin              |    19 |    33 |     5 |     6 ||    63
Dodge: Dodged            |    70 |   104 |   244 |   285 ||   703
Block: Buckler           |       |    11 |    58 |   103 ||   172

Table legend:
 A = Spawn XP
 B = Non-spawn XP
 C = Spawn XP percentage of total XP
 D = Spawn monster count
 E = Non-spawn monster count
 F = Spawn count percentage of total count
 G = Total turns spent on level
                    A         B        C        D         E        F      G
               +---------+---------+-------+---------+---------+-------+---------
         Total |       0 |   14981 |   0.0 |       0 |     236 |   0.0 | 19225
               +---------+---------+-------+---------+---------+-------+---------
           D:1 |       0 |      47 |   0.0 |       0 |      23 |   0.0 |   921
           D:2 |       0 |     174 |   0.0 |       0 |      28 |   0.0 |  1874
           D:3 |       0 |      73 |   0.0 |       0 |      15 |   0.0 |  1001
           D:4 |       0 |     183 |   0.0 |       0 |      12 |   0.0 |  1041
           D:5 |       0 |     749 |   0.0 |       0 |      14 |   0.0 |  1137
           D:6 |       0 |     314 |   0.0 |       0 |       5 |   0.0 |  1169
           D:7 |       0 |     735 |   0.0 |       0 |      17 |   0.0 |   728
           D:8 |       0 |    3620 |   0.0 |       0 |      32 |   0.0 |  3663
           D:9 |       0 |     918 |   0.0 |       0 |      12 |   0.0 |  2557
          D:10 |       0 |    4409 |   0.0 |       0 |      43 |   0.0 |  2674
          D:11 |       0 |    1458 |   0.0 |       0 |      23 |   0.0 |   325
        Lair:1 |       0 |    1507 |   0.0 |       0 |       8 |   0.0 |  1677
        Lair:2 |       0 |     794 |   0.0 |       0 |       4 |   0.0 |   458
               +---------+---------+-------+---------+---------+-------+---------
